TOP OF THE 1ST |
Missoula Osprey batting - Pitching for San Diego (APP) Padres : LHP Ryan Tatum
|
Pitching: LHP Ryan Tatum
|
|
Batting: RHB Nate Spencer
|
0-0: SINGLE (Line Drive, 6MD, EV 97.5 MPH)
|
Batting: SHB Roger Holmes
|
0-0: Ball Nate Spencer steals 2nd base (no throw) 1-0: Swinging Strike 1-1: Ball 2-1: Ball 3-1: Foul Ball, location: 2F 3-2: Base on Balls
|
Batting: RHB Antonio Luisa
|
0-0: Ball 1-0: Called Strike 1-1: Called Strike 1-2: Foul Ball, location: 2F 1-2: Strikes out swinging
|
Batting: SHB Evan Armagost
|
0-0: Called Strike 0-1: Ball 1-1: Called Strike 1-2: Ball 2-2: Foul Ball, location: 2F 2-2: Ball 3-2: Fly out, F8 (Line Drive, 8RM, EV 105.0 MPH)
|
Batting: LHB Omar Marquez
|
0-0: Ball 1-0: Foul Ball, location: 2F 1-1: Foul Ball, location: 2F 1-2: Ball 2-2: Fly out, F7 (Flyball, 7LS, EV 80.6 MPH)
|
Top of the 1st over - 0 runs, 1 hit, 0 errors, 2 left on base; Missoula 0 - San Diego (APP) 0 |
BOTTOM OF THE 1ST |
San Diego (APP) Padres batting - Pitching for Missoula Osprey : RHP Alex Andrade
|
Pitching: RHP Alex Andrade
|
|
Batting: RHB Wally Cangro
|
0-0: Ball 1-0: Ball 2-0: SOLO HOME RUN (Flyball, 7LD, EV 96.2 MPH), Distance : 344 ft
|
Batting: SHB Yutaro Takahashi
|
0-0: Called Strike 0-1: Bunted foul 0-2: Strikes out looking
|
Batting: RHB Antonio Lara
|
0-0: DOUBLE (Groundball, 5L, EV 103.1 MPH)
|
Batting: RHB Freddie Brown
|
0-0: Ball 1-0: Swinging Strike 1-1: Fly out, F9 (Flyball, 9LM, EV 92.5 MPH)
|
Batting: LHB Sammy Roddenberry
|
0-0: Ball 1-0: Foul Ball, location: 2F 1-1: Foul Ball, location: 2F 1-2: Ball 2-2: Strikes out swinging
|
Bottom of the 1st over - 1 run, 2 hits, 0 errors, 1 left on base; Missoula 0 - San Diego (APP) 1 |
TOP OF THE 2ND |
Missoula Osprey batting - Pitching for San Diego (APP) Padres : LHP Ryan Tatum
|
Batting: LHB Enrique Ponce
|
0-0: Foul Ball, location: 2F 0-1: Ball 1-1: Ball 2-1: Ball 3-1: Base on Balls
|
Batting: SHB Lee Dillon
|
0-0: Called Strike 0-1: Foul Ball, location: 2F 0-2: Strikes out swinging
|
Batting: LHB Tae-geun Kwang
|
0-0: Called Strike 0-1: 2-RUN HOME RUN (Flyball, 9D, EV 95.0 MPH), Distance : 362 ft
|
Batting: RHB Zach Espinosa
|
0-0: Swinging Strike 0-1: Foul Ball, location: 2F 0-2: Strikes out swinging
|
Batting: RHB Nate Spencer
|
0-0: Ground out 6-3 (Groundball, 6, EV 80.6 MPH)
|
Top of the 2nd over - 2 runs, 1 hit, 0 errors, 0 left on base; Missoula 2 - San Diego (APP) 1 |
BOTTOM OF THE 2ND |
San Diego (APP) Padres batting - Pitching for Missoula Osprey : RHP Alex Andrade
|
Batting: LHB Phil Lerner
|
0-0: Called Strike 0-1: Ball 1-1: Foul Ball, location: 2F 1-2: Foul Ball, location: 2F 1-2: Foul Ball, location: 2F 1-2: Fly out, F5 (Popup, 5S, EV 73.1 MPH)
|
Batting: RHB Max Stillo
|
0-0: Called Strike 0-1: Ball 1-1: Called Strike 1-2: Ball 2-2: Ball 3-2: Ground out 5-3 (Groundball, 5, EV 105.0 MPH)
|
Batting: RHB Brent Little
|
0-0: Ball 1-0: Ground out 6-3 (Groundball, 6, EV 90.6 MPH)
|
Bottom of the 2nd over - 0 runs, 0 hits, 0 errors, 0 left on base; Missoula 2 - San Diego (APP) 1 |
TOP OF THE 3RD |
Missoula Osprey batting - Pitching for San Diego (APP) Padres : LHP Ryan Tatum
|
Batting: SHB Roger Holmes
|
0-0: Called Strike 0-1: Ball 1-1: Fly out, F5 (Popup, 5SF, EV 74.4 MPH)
|
Batting: RHB Antonio Luisa
|
0-0: Ball 1-0: Foul Ball, location: 2F 1-1: Reached on error, E6 (Groundball, 6, EV 107.5 MPH)
|
Batting: SHB Evan Armagost
|
0-0: Ground out 6-3 (Groundball, 6, EV 109.4 MPH)
|
Batting: LHB Omar Marquez
|
0-0: Ball 1-0: Called Strike 1-1: Ball 2-1: Foul Ball, location: 2F 2-2: Foul Ball, location: 2F 2-2: SINGLE (Groundball, 4M, EV 99.4 MPH) (infield hit) Antonio Luisa to third
|
Batting: LHB Enrique Ponce
|
0-0: Ball 1-0: Called Strike 1-1: SINGLE (Line Drive, 34D, EV 101.9 MPH) Antonio Luisa scores Omar Marquez to second
|
Batting: SHB Lee Dillon
|
0-0: Fly out, F5 (Popup, 5, EV 65.0 MPH)
|
Top of the 3rd over - 1 run, 2 hits, 1 error, 2 left on base; Missoula 3 - San Diego (APP) 1 |
BOTTOM OF THE 3RD |
San Diego (APP) Padres batting - Pitching for Missoula Osprey : RHP Alex Andrade
|
Batting: RHB Stephon Hill
|
0-0: Ball 1-0: Ball 2-0: Called Strike 2-1: Foul Ball, location: 2F 2-2: Ball 3-2: Strikes out swinging
|
Batting: RHB Wally Cangro
|
0-0: Called Strike 0-1: Ground out U3 (Groundball, 3S, EV 84.4 MPH)
|
Batting: SHB Yutaro Takahashi
|
0-0: Ball 1-0: Ball 2-0: Ball 3-0: Foul Ball, location: 2F 3-1: Base on Balls
|
Batting: RHB Antonio Lara
|
0-0: Ball 1-0: Ground out U3 (Groundball, 3L, EV 78.8 MPH)
|
Bottom of the 3rd over - 0 runs, 0 hits, 0 errors, 1 left on base; Missoula 3 - San Diego (APP) 1 |
TOP OF THE 4TH |
Missoula Osprey batting - Pitching for San Diego (APP) Padres : LHP Ryan Tatum
|
Batting: LHB Tae-geun Kwang
|
0-0: Ground out 4-3 (Groundball, 4M, EV 83.8 MPH)
|
Batting: RHB Zach Espinosa
|
0-0: Ball 1-0: Foul Ball, location: 2F 1-1: Ball 2-1: Called Strike 2-2: Strikes out swinging
|
Batting: RHB Nate Spencer
|
0-0: Swinging Strike 0-1: Called Strike 0-2: Foul Ball, location: 2F 0-2: Ball 1-2: Ball 2-2: Strikes out swinging
|
Top of the 4th over - 0 runs, 0 hits, 0 errors, 0 left on base; Missoula 3 - San Diego (APP) 1 |
BOTTOM OF THE 4TH |
San Diego (APP) Padres batting - Pitching for Missoula Osprey : RHP Alex Andrade
|
Batting: RHB Freddie Brown
|
0-0: Called Strike 0-1: Foul Ball, location: 2F 0-2: Ball 1-2: Ball 2-2: Ball 3-2: Foul Ball, location: 2F 3-2: DOUBLE (Groundball, 5L, EV 101.9 MPH)
|
Batting: LHB Sammy Roddenberry
|
0-0: Foul Ball, location: 2F 0-1: Fly out, F7 (Flyball, 7S, EV 85.6 MPH)
|
Batting: LHB Phil Lerner
|
0-0: Called Strike 0-1: Ball 1-1: Ball 2-1: Ball 3-1: Base on Balls
|
Batting: RHB Max Stillo
|
0-0: Ball 1-0: Swinging Strike 1-1: Foul Ball, location: 2F 1-2: Ball 2-2: Ball 3-2: Foul Ball, location: 2F 3-2: Foul Ball, location: 2F 3-2: Foul Ball, location: 2F 3-2: 3-RUN HOME RUN (Flyball, 9LD, EV 90.0 MPH), Distance : 332 ft
|
Batting: RHB Brent Little
|
0-0: Ball 1-0: Called Strike 1-1: Ball 2-1: Ball 3-1: Fly out, F8 (Flyball, 8LM, EV 87.5 MPH)
|
Batting: RHB Stephon Hill
|
0-0: Ground out 3-1 (Groundball, 34S, EV 75.0 MPH)
|
Bottom of the 4th over - 3 runs, 2 hits, 0 errors, 0 left on base; Missoula 3 - San Diego (APP) 4 |
TOP OF THE 5TH |
Missoula Osprey batting - Pitching for San Diego (APP) Padres : LHP Ryan Tatum
|
Batting: SHB Roger Holmes
|
0-0: Called Strike 0-1: Swinging Strike 0-2: Strikes out swinging
|
Batting: RHB Antonio Luisa
|
0-0: Ground out 6-3 (Groundball, 6, EV 84.4 MPH)
|
Batting: SHB Evan Armagost
|
0-0: Ball 1-0: Foul Ball, location: 2F 1-1: SOLO HOME RUN (Flyball, 78XD, EV 106.2 MPH), Distance : 419 ft
|
Batting: LHB Omar Marquez
|
0-0: Foul Ball, location: 2F 0-1: Foul Ball, location: 2F 0-2: Ball 1-2: Ball 2-2: Strikes out swinging
|
Top of the 5th over - 1 run, 1 hit, 0 errors, 0 left on base; Missoula 4 - San Diego (APP) 4 |
BOTTOM OF THE 5TH |
San Diego (APP) Padres batting - Pitching for Missoula Osprey : RHP Alex Andrade
|
Batting: RHB Wally Cangro
|
0-0: Ball 1-0: Ball 2-0: Foul Ball, location: 2F 2-1: Reached on error, E1 (Groundball, 15, EV 75.6 MPH)
|
Batting: SHB Yutaro Takahashi
|
0-0: Ball 1-0: Foul Ball, location: 2F 1-1: Ball 2-1: Ball 3-1: DOUBLE (Flyball, 8RXD, EV 95.0 MPH) Wally Cangro to third Runner from 3rd tries for Home, throw by CF and OUT! 8-4-2
|
Batting: RHB Antonio Lara
|
0-0: Called Strike 0-1: Ball 1-1: Ball 2-1: SINGLE (Groundball, 56D, EV 103.1 MPH) Yutaro Takahashi to third Runner from 3rd tries for Home, SAFE, throw by LF to home
|
Batting: RHB Freddie Brown
|
0-0: Ball 1-0: Ball 2-0: Ball 3-0: Called Strike 3-1: Base on Balls Antonio Lara to second
|
Pitching: RHP Jaden Peterson
|
|
Batting: LHB Sammy Roddenberry
|
0-0: Foul Ball, location: 2F 0-1: Fielders Choice at 2nd, 4-6 (Groundball, 4, EV 101.9 MPH) Antonio Lara to third
|
Batting: LHB Phil Lerner
|
0-0: Foul Ball, location: 2F 0-1: Ball 1-1: Called Strike 1-2: Foul Ball, location: 2F 1-2: Ball 2-2: Ball 3-2: Fly out, F7 (Flyball, 7D, EV 103.8 MPH)
|
Bottom of the 5th over - 1 run, 2 hits, 1 error, 2 left on base; Missoula 4 - San Diego (APP) 5 |
TOP OF THE 6TH |
Missoula Osprey batting - Pitching for San Diego (APP) Padres : LHP Ryan Tatum
|
Pitching: LHP Kentaro Shimasaki
|
|
Pinch Hitting: RHB Paul Schreiber
|
0-0: Ball 1-0: Ball 2-0: Called Strike 2-1: Ball 3-1: DOUBLE (Flyball, 89D, EV 87.5 MPH)
|
Batting: SHB Lee Dillon
|
0-0: Ball 1-0: Called Strike 1-1: Foul Ball, location: 2F 1-2: Foul Ball, location: 2F 1-2: Ball 2-2: Ball Wild Pitch! Paul Schreiber to third 3-2: Foul Ball, location: 2F 3-2: DOUBLE (Line Drive, 7LM, EV 95.0 MPH) Paul Schreiber scores
|
Batting: LHB Tae-geun Kwang
|
0-0: Called Strike 0-1: Ball Wild Pitch! Lee Dillon to third 1-1: SINGLE (Groundball, 34D, EV 102.5 MPH) Lee Dillon scores
|
Batting: RHB Zach Espinosa
|
0-0: Ball 1-0: Swinging Strike 1-1: Fly out, F3 (Popup, 3S, EV 90.6 MPH)
|
Batting: RHB Nate Spencer
|
0-0: Ball 1-0: Ball 2-0: Ball 3-0: Called Strike 3-1: Foul Ball, location: 2F 3-2: Foul Ball, location: 2F 3-2: Foul Ball, location: 2F 3-2: SINGLE (Groundball, 56, EV 91.9 MPH) (infield hit) Tae-geun Kwang to second
|
Batting: SHB Roger Holmes
|
0-0: Ball 1-0: Ball 2-0: Called Strike 2-1: Ball 3-1: Base on Balls Tae-geun Kwang to third Nate Spencer to second
|
Batting: RHB Antonio Luisa
|
0-0: SINGLE (Groundball, 56D, EV 104.4 MPH) Tae-geun Kwang scores Nate Spencer to third Roger Holmes to second
|
Batting: SHB Evan Armagost
|
0-0: TRIPLE (Flyball, 78XD, EV 109.4 MPH) Nate Spencer scores Roger Holmes scores Antonio Luisa scores
|
Batting: LHB Omar Marquez
|
0-0: Ball 1-0: Ball 2-0: Reached on error, E4 (Groundball, 4, EV 85.6 MPH) Evan Armagost scores
|
Batting: RHB Paul Schreiber
|
0-0: 2-RUN HOME RUN (Flyball, 78XD, EV 98.1 MPH), Distance : 410 ft
|
Pitching: RHP Nick Goodlow
|
|
Batting: SHB Lee Dillon
|
0-0: Ball 1-0: Foul Ball, location: 2F 1-1: Swinging Strike 1-2: SINGLE (Line Drive, 34, EV 100.6 MPH)
|
Batting: LHB Tae-geun Kwang
|
0-0: Called Strike 0-1: Fielders Choice at 2nd, 4-6 (Groundball, 34, EV 79.4 MPH)
|
Batting: RHB Zach Espinosa
|
0-0: Foul Ball, location: 2F 0-1: Ball 1-1: Swinging Strike 1-2: Strikes out looking
|
Top of the 6th over - 9 runs, 8 hits, 1 error, 1 left on base; Missoula 13 - San Diego (APP) 5 |
BOTTOM OF THE 6TH |
San Diego (APP) Padres batting - Pitching for Missoula Osprey : RHP Jaden Peterson
|
Now in CF: Ed Vargas
|
|
Batting: RHB Max Stillo
|
0-0: Called Strike 0-1: Foul Ball, location: 2F 0-2: Ball 1-2: Foul Ball, location: 2F 1-2: Ball 2-2: Fly out, F8 (Flyball, 8LD, EV 103.8 MPH)
|
Batting: RHB Brent Little
|
0-0: Called Strike 0-1: Called Strike 0-2: Ball 1-2: Foul Ball, location: 2F 1-2: Ball 2-2: Ball 3-2: Foul Ball, location: 2F 3-2: Foul Ball, location: 2F 3-2: Foul Ball, location: 2F 3-2: Foul Ball, location: 2F 3-2: SINGLE (Groundball, 34D, EV 99.4 MPH)
|
Pitching: RHP Rick Foster
|
|
Batting: RHB Stephon Hill
|
0-0: Ball 1-0: Foul Ball, location: 2F 1-1: Ball 2-1: Ball Passed Ball! Brent Little to second 3-1: Called Strike 3-2: Strikes out swinging
|
Batting: RHB Wally Cangro
|
0-0: Ball 1-0: Called Strike 1-1: Ball 2-1: Ball 3-1: Foul Ball, location: 2F 3-2: Reaches on Catchers interference
|
Batting: SHB Yutaro Takahashi
|
0-0: Foul Ball, location: 2F 0-1: Ball 1-1: Ball 2-1: Foul Ball, location: 2F 2-2: Ball 3-2: Foul Ball, location: 2F 3-2: Foul Ball, location: 2F 3-2: Base on Balls Brent Little to third Wally Cangro to second
|
Pitching: RHP Jason Hammons
|
|
Batting: RHB Antonio Lara
|
0-0: Ball 1-0: Called Strike 1-1: Ball 2-1: DOUBLE (Line Drive, 7LM, EV 101.2 MPH) Brent Little scores Wally Cangro scores Yutaro Takahashi to third Runner from 3rd tries for Home, SAFE, throw by LF to home
|
Pinch Hitting: LHB Carlos Cuellar
|
0-0: Foul Ball, location: 2F 0-1: Ball 1-1: Foul Ball, location: 2F 1-2: Strikes out swinging
|
Bottom of the 6th over - 3 runs, 2 hits, 1 error, 1 left on base; Missoula 13 - San Diego (APP) 8 |
TOP OF THE 7TH |
Missoula Osprey batting - Pitching for San Diego (APP) Padres : RHP Nick Goodlow
|
Now at 1B: Hugo MacBeth
|
|
Batting: RHB Nate Spencer
|
0-0: Swinging Strike 0-1: Foul Ball, location: 2F 0-2: Ball 1-2: Ball 2-2: Ground out 6-3 (Groundball, 6, EV 105.0 MPH)
|
Batting: SHB Roger Holmes
|
0-0: Called Strike 0-1: Foul Ball, location: 2F 0-2: SINGLE (Groundball, 34D, EV 94.4 MPH)
|
Batting: RHB Antonio Luisa
|
0-0: Ball Roger Holmes steals 2nd base 1-0: Foul Ball, location: 2F 1-1: Ground out 1-3 (Groundball, 34S, EV 71.2 MPH) Roger Holmes to third
|
Batting: SHB Evan Armagost
|
0-0: Ball 1-0: Ground out 4-3 (Groundball, 4, EV 99.4 MPH)
|
Top of the 7th over - 0 runs, 1 hit, 0 errors, 1 left on base; Missoula 13 - San Diego (APP) 8 |
BOTTOM OF THE 7TH |
San Diego (APP) Padres batting - Pitching for Missoula Osprey : RHP Jason Hammons
|
Batting: LHB Sammy Roddenberry
|
0-0: Ball 1-0: Ball 2-0: Foul Ball, location: 2F 2-1: Ball 3-1: Foul Ball, location: 2F 3-2: Foul Ball, location: 2F 3-2: Base on Balls
|
Batting: LHB Phil Lerner
|
0-0: Called Strike 0-1: Swinging Strike 0-2: Ball 1-2: Strikes out swinging
|
Pitching: LHP Heath Henderson
|
|
Batting: RHB Max Stillo
|
0-0: Ball Wild Pitch! Sammy Roddenberry to second 1-0: Called Strike 1-1: Swinging Strike 1-2: Foul Ball, location: 2F 1-2: Strikes out swinging
|
Batting: RHB Brent Little
|
0-0: Called Strike 0-1: Ball 1-1: Ball 2-1: Ball 3-1: Foul Ball, location: 2F 3-2: Ground out 5-3 (Groundball, 25, EV 90.6 MPH)
|
Bottom of the 7th over - 0 runs, 0 hits, 0 errors, 1 left on base; Missoula 13 - San Diego (APP) 8 |
TOP OF THE 8TH |
Missoula Osprey batting - Pitching for San Diego (APP) Padres : RHP Nick Goodlow
|
Batting: LHB Omar Marquez
|
0-0: Ball 1-0: Ball 2-0: Ball 3-0: Swinging Strike 3-1: Swinging Strike 3-2: Base on Balls
|
Batting: SHB Ed Vargas
|
0-0: Ball 1-0: Ball 2-0: Called Strike 2-1: Foul Ball, location: 2F 2-2: Ball 3-2: Foul Ball, location: 2F 3-2: Fielders Choice at 2nd, 1-6 (Groundball, 13S, EV 70.6 MPH)
|
Batting: SHB Lee Dillon
|
0-0: Fielders Choice at 2nd, 5-4 (Groundball, 5, EV 88.8 MPH)
|
Batting: LHB Tae-geun Kwang
|
0-0: SINGLE (Flyball, 5D, EV 96.2 MPH) Lee Dillon to second
|
Batting: RHB Zach Espinosa
|
0-0: Called Strike 0-1: Swinging Strike 0-2: Fly out, F9 (Line Drive, 9, EV 99.4 MPH)
|
Top of the 8th over - 0 runs, 1 hit, 0 errors, 2 left on base; Missoula 13 - San Diego (APP) 8 |
BOTTOM OF THE 8TH |
San Diego (APP) Padres batting - Pitching for Missoula Osprey : LHP Heath Henderson
|
Batting: RHB Stephon Hill
|
0-0: Called Strike 0-1: Called Strike 0-2: Strikes out looking
|
Batting: RHB Wally Cangro
|
0-0: Ball 1-0: Fly out, F8 (Line Drive, 8RM, EV 101.9 MPH)
|
Batting: SHB Yutaro Takahashi
|
0-0: Foul Ball, location: 2F 0-1: DOUBLE (Groundball, 5L, EV 103.1 MPH)
|
Pitching: RHP Alan Muth
|
|
Batting: RHB Antonio Lara
|
0-0: Ball 1-0: Ball 2-0: Called Strike 2-1: Ball 3-1: Base on Balls
|
Batting: LHB Hugo MacBeth
|
0-0: 3-RUN HOME RUN (Flyball, 9D, EV 99.4 MPH), Distance : 365 ft
|
Batting: LHB Sammy Roddenberry
|
0-0: Ball 1-0: Called Strike 1-1: DOUBLE (Line Drive, 7LM, EV 102.5 MPH)
|
Batting: LHB Phil Lerner
|
0-0: Called Strike 0-1: Foul Ball, location: 2F 0-2: Ball 1-2: Ball 2-2: Foul Ball, location: 2F 2-2: Ball 3-2: Base on Balls
|
Batting: RHB Max Stillo
|
0-0: Ball 1-0: Ball 2-0: Foul Ball, location: 2F 2-1: Ball 3-1: Base on Balls Sammy Roddenberry to third Phil Lerner to second
|
Pitching: RHP John Petersen
|
|
Batting: RHB Brent Little
|
0-0: SINGLE (Groundball, 6MD, EV 105.6 MPH) Sammy Roddenberry scores Phil Lerner to third Max Stillo to second Runner from 3rd tries for Home, throw by CF and OUT! 8-2
|
Bottom of the 8th over - 4 runs, 4 hits, 0 errors, 2 left on base; Missoula 13 - San Diego (APP) 12 |
TOP OF THE 9TH |
Missoula Osprey batting - Pitching for San Diego (APP) Padres : RHP Nick Goodlow
|
Batting: RHB Nate Spencer
|
0-0: SINGLE (Groundball, 4D, EV 103.8 MPH)
|
Batting: SHB Roger Holmes
|
0-0: Ball 1-0: Bunt missed! 1-1: Called Strike Nate Spencer steals 2nd, throwing error, E2 Nate Spencer to third 1-2: Ground out 4-3 (Groundball, 4, EV 87.5 MPH)
|
Batting: RHB Antonio Luisa
|
0-0: Ball 1-0: Ball 2-0: Foul Ball, location: 2F 2-1: Ball 3-1: Base on Balls
|
Batting: SHB Evan Armagost
|
0-0: Called Strike 0-1: SINGLE (Flyball, 78S, EV 91.9 MPH) Nate Spencer scores Antonio Luisa to second
|
Batting: LHB Omar Marquez
|
0-0: Called Strike 0-1: Fielders Choice at 2nd, 4-6 (Groundball, 4, EV 86.2 MPH) Antonio Luisa to third
|
Batting: SHB Ed Vargas
|
0-0: Foul Ball, location: 2F 0-1: Foul Ball, location: 2F 0-2: Ball Omar Marquez steals 2nd base 1-2: Ball 2-2: Strikes out swinging
|
Top of the 9th over - 1 run, 2 hits, 1 error, 2 left on base; Missoula 14 - San Diego (APP) 12 |
BOTTOM OF THE 9TH |
San Diego (APP) Padres batting - Pitching for Missoula Osprey : RHP John Petersen
|
Pinch Hitting: LHB Ramon Vega
|
0-0: SINGLE (Groundball, 4S, EV 74.4 MPH) (infield hit)
|
Batting: RHB Wally Cangro
|
0-0: Called Strike 0-1: Swinging Strike 0-2: Ball 1-2: Strikes out swinging
|
Batting: SHB Yutaro Takahashi
|
0-0: Ball 1-0: Called Strike 1-1: Foul Ball, location: 2F 1-2: Foul Ball, location: 2F 1-2: Ball 2-2: Foul Ball, location: 2F 2-2: Strikes out swinging
|
Batting: RHB Antonio Lara
|
0-0: Called Strike 0-1: Foul Ball, location: 2F 0-2: Ball 1-2: Ball 2-2: Strikes out looking
|
Bottom of the 9th over - 0 runs, 1 hit, 0 errors, 1 left on base; Missoula 14 - San Diego (APP) 12 |
|